 Dungeon Crawl Stone Soup version 0.25-a0-435-g4b9beb1 (webtiles) character file.

Game seed: 8786576114669270102, levelgen mode: deterministic

3124 Firecrotchwizard the Basher (level 9, -1/85 HPs)
             Began as a Deep Dwarf Fighter on Jan 27, 2020.
             Was a Follower of Makhleb.
             Slain by a sun demon (4 damage)
             ... summoned by a kobold demonologist
             ... on level 8 of the Dungeon.
             The game lasted 00:23:30 (6493 turns).

Firecrotchwizard the Basher (Deep Dwarf Fighter)    Turns: 6493, Time: 00:23:30

Health: -1/85      AC: 14    Str: 23    XL:     9   Next: 61%
Magic:  7/7        EV:  5    Int:  9    God:    Makhleb [*.....]
Gold:   145        SH: 11    Dex: 12    Spells: 8/8 levels left

rFire    + . .     SeeInvis .   v - +1 hand axe (elec)
rCold    . . .     Gourm    .   c - +0 shield
rNeg     . . .     Faith    .   e - +0 plate armour
rPois    .         Spirit   .   y - +0 helmet
rElec    .         Reflect  .   z - +0 cloak
rCorr    .         Harm     .   A - +0 pair of gloves
MR       +....                  (no boots)
Stlth    ..........             (no amulet)
HPRegen  0.00/turn              E - ring of protection from fire {rF+, !d}
MPRegen  0.10/turn              (no ring)

@: non-regenerating
A: damage resistance, heal wounds, sense surroundings 2, no regeneration
a: Heal Wounds, Renounce Religion


You were on level 8 of the Dungeon.
You worshipped Makhleb.
Makhleb was aware of your devotion.
You were not hungry.

You visited 2 branches of the dungeon, and saw 9 of its levels.

You collected 334 gold pieces.
You spent 189 gold pieces at shops.

Inventory:

Hand Weapons
 a - a +1 flail
 b - the +0 whip of Callousness {venom, rN+}
   (You found it on level 5 of the Dungeon)

   It poisons the flesh of those it strikes.
   It protects you from negative energy.
 t - a +0 morningstar
   (You found it on level 5 of the Dungeon)
 v - a +1 hand axe of electrocution (weapon)
   (You took it off an orc priest on level 6 of the Dungeon)
Missiles
 w - 32 poisoned darts
Armour
 c - a +0 shield (worn)
 e - a +0 plate armour (worn)
   (You found it on level 1 of the Dungeon)
 y - a +0 helmet (worn)
   (You bought it in a shop on level 5 of the Dungeon)
 z - a +0 cloak (worn)
   (You bought it in a shop on level 5 of the Dungeon)
 A - a +0 pair of gloves (worn)
   (You bought it in a shop on level 5 of the Dungeon)
Jewellery
 E - a ring of protection from fire (left hand) {rF+, !d}
   (You found it on level 8 of the Dungeon)
Wands
 g - a wand of polymorph (11)
   (You found it on level 5 of the Dungeon)
 s - a wand of digging (6)
   (You found it on level 4 of the Dungeon)
 F - a wand of iceblast (13)
   (You found it on level 8 of the Dungeon)
Scrolls
 h - 8 scrolls of identify
 m - 3 scrolls of teleportation
 p - 2 scrolls of blinking {!r}
 q - a scroll of enchant weapon
 u - 7 scrolls of amnesia
 C - a scroll of random uselessness {unknown}
 D - a scroll of fear {unknown}
Potions
 d - a potion of might
 j - 6 potions of curing
 k - 2 potions of invisibility {unknown}
 l - a potion of haste
 n - 3 potions of brilliance {unknown}
 o - 4 potions of lignification {unknown}
 r - a potion of berserk rage {unknown}
 x - a potion of degeneration {unknown}
 B - a potion of cancellation {unknown}
Comestibles
 f - 14 rations
 i - 8 chunks of flesh {@w0}


   Skills:
 + Level 6.7 Fighting
 * Level 9.8 Maces & Flails
 - Level 3.2 Armour
 + Level 8.1 Shields


You had 8 spell levels left.
You didn't know any spells.
Your spell library contained the following spells:

 Spells                   Type           Power        Failure   Level  Hunger
 Summon Small Mammal      Summ           #...         100%        1    ##.....
 Call Imp                 Summ           #.......     100%        2    ###....
 Call Canine Familiar     Summ           #.......     100%        3    ####...
 Confusing Touch          Hex            #.......     100%        3    ####...
 Gell's Gravitas          Tloc           #.........   100%        3    ####...
 Summon Guardian Golem    Hex/Summ       #.......     100%        3    ####...
 Petrify                  Tmut/Erth      #.......     100%        4    #####..
 Summon Ice Beast         Ice/Summ       #.......     100%        4    #####..
 Summon Lightning Spire   Summ/Air       #.......     100%        4    #####..
 Metabolic Englaciation   Hex/Ice        #.........   100%        5    ######.
 Yara's Violent Unravell  Hex/Tmut       #.........   100%        5    ######.


Dungeon Overview and Level Annotations

Branches:
Dungeon (8/15)             Temple (1/1) D:7            Lair (0/6) D:8

Altars:
Ashenzari
Cheibriados
Dithmenos
Elyvilon
Gozag
Hepliaklqana
Kikubaaqudgha
Makhleb
Nemelex Xobeh
Okawaru
Qazlal
Sif Muna
Uskayaw
Vehumet
Wu Jian
Xom
Yredelemnul
Zin
The Shining One

Shops:
D:5 [

Annotations:
D:4 Prince Ribbit


Innate Abilities, Weirdness & Mutations

You are resistant to damage.
You can heal yourself by infusing magical energy.
You passively map the area around you.
You do not regenerate.


Message History

Your Shields skill increases to level 8!
You block the big kobold's attack.
You hit the kobold.
You kill the kobold!
Makhleb accepts your kill.
You hit the big kobold.
Lightning courses through the big kobold!!
The kobold unwields a +0 whip.
The kobold wields a +0 hand crossbow.
The kobold shoots a bolt.
The bolt hits you.
The big kobold throws a stone.
The stone hits you but does no damage.
The big kobold throws a stone.
The stone hits you. You block the big kobold's attack.
You take 1 damage, and have 41/85 hp.
You closely miss the big kobold.
The big kobold throws a stone.
You block the stone.
The big kobold throws a stone.
You block the stone.
The kobold demonologist mumbles some strange words.
You block the big kobold's attack.
You hit the big kobold but do no damage.
The big kobold throws a stone.
The stone hits you but does no damage.
A kobold comes into view.
The big kobold hits you but does no damage.
Your shield and plate armour prevent you from hitting the big kobold.
Your plate armour prevents you from hitting the big kobold.
You closely miss the big kobold. x2; You block the big kobold's attack. x2
You slash the big kobold!
You kill the big kobold!
Makhleb accepts your kill.
You slash the big kobold!
Lightning courses through the big kobold!
You closely miss the big kobold. The big kobold hits you.
You closely miss the big kobold.
You hit the big kobold but do no damage.
The big kobold hits you but does no damage. x2
You hit the big kobold.
You hit the big kobold but do no damage.
You block the big kobold's attack.
The big kobold hits you but does no damage.
You miss the big kobold.
You hit the big kobold but do no damage.
The big kobold hits you. You block the big kobold's attack.
The big kobold hits you but does no damage.
You hit the big kobold but do no damage.
Lightning courses through the big kobold!
You kill the big kobold!
Makhleb accepts your kill.
You hit the big kobold.
The red devil disappears in a puff of smoke!
The big kobold hits you but does no damage.
You hit the big kobold.
Lightning courses through the big kobold!
You closely miss the big kobold. You block the big kobold's attack. x2
You completely miss the big kobold. You hit the big kobold.
You block the big kobold's attack. x2; The big kobold barely misses you.
You closely miss the big kobold.
Your shield and plate armour prevent you from hitting the big kobold.
The big kobold hits you. The big kobold barely misses you.
The big kobold hits you but does no damage.
You take 1 damage, and have 40/85 hp.
You hit the big kobold. x2
The big kobold hits you but does no damage.
The big kobold completely misses you.
You miss the big kobold.
You hit the big kobold but do no damage.
Lightning courses through the big kobold!
The big kobold hits you.
You miss the kobold demonologist. You hit the big kobold.
Lightning courses through the big kobold!!
You kill the big kobold!
Makhleb accepts your kill.
The kobold demonologist hits you but does no damage.
You closely miss the kobold demonologist.
The kobold demonologist mumbles some strange words.
You hit the kobold demonologist. You hit the sun demon.
The sun demon hits you but does no damage.
Your shield and plate armour prevent you from hitting the big kobold.
Your shield and plate armour prevent you from hitting the sun demon.
You hit the kobold demonologist. The sun demon hits you.
You are engulfed in flames.
You resist. You block the big kobold's attack.
The kobold demonologist hits you but does no damage.
You take 8 damage, and have 32/85 hp.
You completely miss the kobold demonologist.
You barely miss the sun demon. You hit the big kobold.
The sun demon hits you but does no damage.
The big kobold hits you but does no damage.
You hit the kobold demonologist.
Lightning courses through the kobold demonologist!
You closely miss the sun demon. You closely miss the big kobold.
The kobold demonologist looks satisfied for a moment.
The sun demon hits you!!
* * * LOW HITPOINT WARNING * * *
You are engulfed in flames!
You resist.
* * * LOW HITPOINT WARNING * * *
The big kobold hits you but does no damage.
You take 25 damage, and have 7/85 hp.
MASSIVE DAMAGE!!
You hit the kobold demonologist but do no damage.
Your plate armour prevents you from hitting the sun demon.
You hit the big kobold. The sun demon hits you.
* * * LOW HITPOINT WARNING * * *
You are engulfed in flames.
You resist.
You die...

###.#...≈...#....#
.##....###....#..### *#
###...........#....#*.#
##.##............###..##
.................###....
.......................#*
......................#
.........#....##3)...###
.........#.....#@K.....#
............####K###..##
............ KKKK*###
...........


5KKKK .......... ...KK.# ....8.8. ,#......# ........, #......# ...#...# ########
...#..# , ,* You could see a sun demon, a kobold demonologist, 3 big kobolds, an
ufetubus and 7 kobolds.

Vanquished Creatures
  Pikel (D:5)
  Grinder (D:5)
  A hippogriff (D:7)
  A spriggan (D:7)
  A hog (D:5)
  A slave (D:5)
  A phantom (D:7)
  2 ice beasts
  An ogre (D:5)
  4 centaurs
  5 big kobolds (D:8)
  3 bullfrogs
  2 scorpions
  A howler monkey (D:4)
  4 crimson imps
  3 orc priests
  A bullfrog skeleton (D:5)
  A gnoll shaman (D:5)
  Jessica (D:2)
  3 orc wizards
  Ijyb (D:5)
  3 worker ants
  5 adders
  11 gnolls
  An ooze (D:3)
  3 worms
  2 adder skeletons
  4 leopard geckos
  24 orcs
  4 giant cockroaches
  10 goblins
  3 hobgoblins (D:1)
  6 jackals
  4 quokkas
  A ball python (D:6)
  8 bats
  6 frilled lizards
  A jackal skeleton (D:4)
  12 kobolds
  A leopard gecko skeleton (D:4)
  A quokka skeleton (D:4)
  3 rats
152 creatures vanquished.

Vanquished Creatures (others)
  A slave (D:5)
  2 hounds (D:5)
3 creatures vanquished.

Grand Total: 155 creatures vanquished

Notes
Turn   | Place    | Note
-------+----------+-------------------------------------------
     0 | D:1      | Firecrotchwizard the Deep Dwarf Fighter began the quest for
                  | the Orb.
     0 | D:1      | Reached XP level 1. HP: 20/20 MP: 1/1
   184 | D:1      | Reached XP level 2. HP: 12/27 MP: 2/2
   417 | D:1      | Reached skill level 3 in Fighting
   660 | D:2      | Reached XP level 3. HP: 23/34 MP: 3/3
   816 | D:2      | Reached skill level 3 in Maces & Flails
  1023 | D:2      | Noticed Jessica
  1030 | D:2      | Killed Jessica
  1030 | D:2      | Reached skill level 4 in Shields
  1030 | D:2      | Reached XP level 4. HP: 29/42 MP: 3/3
  1696 | D:3      | Reached skill level 4 in Maces & Flails
  1696 | D:3      | Reached XP level 5. HP: 48/49 MP: 4/4
  1756 | D:3      | Found an opulent altar of Gozag.
  1811 | D:3      | Found an opulent altar of Gozag.
  2057 | D:3      | Found a hazy altar of Hepliaklqana.
  2111 | D:3      | Found a shimmering altar of Xom.
  2816 | D:3      | Reached XP level 6. HP: 32/57 MP: 5/5
  3144 | D:5      | Entered Level 5 of the Dungeon
  3144 | D:5      | Noticed Prince Ribbit
  3168 | D:5      | Found an iron altar of Okawaru.
  3258 | D:5      | Noticed a slave
  3258 | D:5      | Noticed a slave
  3258 | D:5      | Noticed a slave
  3258 | D:5      | Noticed a slave
  3258 | D:5      | Noticed Pikel
  3382 | D:5      | Reached skill level 4 in Fighting
  3382 | D:5      | Reached skill level 5 in Maces & Flails
  3385 | D:5      | Noticed Ijyb
  3399 | D:5      | Noticed a hog
  3399 | D:5      | an ogre changed into a hog
  3734 | D:5      | Killed a slave
  3771 | D:5      | Killed Pikel
  3771 | D:5      | Reached skill level 6 in Maces & Flails
  3771 | D:5      | Reached skill level 5 in Shields
  3771 | D:5      | Reached XP level 7. HP: 54/66 MP: 6/6
  3814 | D:5      | Found a glowing golden altar of the Shining One.
  3820 | D:5      | Got a pitted whip
  3860 | D:5      | Identified the cursed +0 whip of Callousness {venom, rN+}
                  | (You found it on level 5 of the Dungeon)
  3938 | D:5      | Killed a hog
  3938 | D:5      | Reached skill level 5 in Fighting
  3938 | D:5      | Reached skill level 6 in Shields
  3938 | D:5      | Reached XP level 8. HP: 72/74 MP: 7/7
  4033 | D:5      | Killed Ijyb
  4033 | D:5      | Reached skill level 7 in Maces & Flails
  4238 | D:5      | Found Asoamauj's Armour Shoppe.
  4241 | D:5      | Noticed Grinder
  4404 | D:5      | Killed Grinder
  4412 | D:5      | Bought a +0 helmet for 63 gold pieces
  4412 | D:5      | Bought a +0 cloak for 63 gold pieces
  4412 | D:5      | Bought a +0 pair of gloves for 63 gold pieces
  4701 | D:6      | Reached skill level 8 in Maces & Flails
  5269 | D:7      | Noticed a hippogriff
  5282 | D:7      | Killed a hippogriff
  5282 | D:7      | Reached skill level 7 in Shields
  5297 | D:7      | Found a shadowy altar of Dithmenos.
  5305 | D:7      | Reached skill level 6 in Fighting
  5305 | D:7      | Gained mutation: You passively map the area around you.
                  | [Deep Dwarf growth]
  5305 | D:7      | Reached XP level 9. HP: 64/82 MP: 7/7
  5461 | D:7      | Found a staircase to the Ecumenical Temple.
  5473 | Temple   | Entered the Ecumenical Temple
  5590 | Temple   | Became a worshipper of Makhleb the Destroyer
  5986 | D:7      | Reached skill level 9 in Maces & Flails
  6173 | D:8      | Found a stormy altar of Qazlal.
  6280 | D:8      | Found a staircase to the Lair.
  6466 | D:8      | Noticed a kobold demonologist
  6467 | D:8      | Noticed a red devil
  6471 | D:8      | Reached * piety under Makhleb
  6471 | D:8      | Reached skill level 8 in Shields
  6489 | D:8      | Noticed a sun demon
  6492 | D:8      | HP: 13/85 [sun demon[a kobold demonologist] (19)]
  6493 | D:8      | HP: 3/85 [sun demon[a kobold demonologist] (4)]
  6493 | D:8      | Slain by a sun demon

Levels and vault maps discovered:
D:1:      matt_arrival_spirals, layout_rooms
D:2:      layout_loops_ring, uniq_jessica
D:3:      layout_basic, nicolae_overflow_hidden_temple, lemuel_round_altar,
          old_standard_altar, nicolae_gozag_seed_capital
D:4:      layout_gridville, first_ration, chequers_serial_rivers_micro_c
D:5:      layout_rooms, serial_shops, nicolae_shop_waterfront, basic_altar,
          okawaru_ov_weapons_minmay, uniq_prince_ribbit1, uniq_ijyb, uniq_pikel,
          uniq_grinder
D:6:      layout_basic, kennysheep_pointless_box
D:7:      layout_basic, nicolae_dithmenos_shadow_blocks,
          minmay_temple_entry_hall, the_bakery
D:8:      layout_cave_pools, dpeg_oklobed_lair, special_room
          [special_room_kobold], serial_column_ruins,
          column_ruins_columns_dead_end, column_ruins_corridor_straight,
          column_ruins_open_tiny, column_ruins_corridor_straight,
          column_ruins_columns_straight, grunt_qazlal_sundering
Temple:   dpeg_five_rooms_temple

Skill      XL: |  1  2  3  4  5  6  7  8  9 |
---------------+----------------------------+-----
Fighting       | 3 4 5 6 |  6.7
Maces & Flails | 3 4 6 8 9 |  9.8
Shields        | 4 5 6 7 8 |  8.1
Armour         | |  3.2

Action                   |  1- 3 |  4- 6 |  7- 9 || total
-------------------------+-------+-------+-------++-------
Melee: Flail             |   184 |   279 |    98 ||   561
       Whip              |       |       |   110 ||   110
       Unarmed           |       |       |    22 ||    22
       Hand axe          |       |       |   117 ||   117
Throw: Dart              |       |       |     4 ||     4
 Abil: Heal Wounds       |     2 |     6 |     5 ||    13
Evoke: Wand              |       |     1 |     1 ||     2
  Use: Scroll            |     3 |     5 |     5 ||    13
  Eat: Chunk             |     1 |     8 |     7 ||    16
       Ration            |       |     1 |       ||     1
Armor: Scale mail        |    74 |       |       ||    74
       Plate armour      |       |   168 |   132 ||   300
Dodge: Dodged            |    44 |    48 |    58 ||   150
Block: Shield            |   100 |   147 |   156 ||   403

Table legend:
 A = Non-vault XP
 B = Vault XP
 C = Vault XP percentage of total XP
 D = Non-vault monster count
 E = Vault monster count
 F = Vault count percentage of total count
                 A         B        C        D         E       F
            +---------+---------+-------+---------+---------+-------
      Total |    2828 |    1636 |  36.6 |     140 |      11 |   7.3
            +---------+---------+-------+---------+---------+-------
        D:1 |      37 |       0 |   0.0 |      21 |       0 |   0.0
        D:2 |      85 |      37 |  30.3 |      21 |       1 |   4.5
        D:3 |     111 |       0 |   0.0 |      19 |       0 |   0.0
        D:4 |     157 |       0 |   0.0 |      19 |       0 |   0.0
        D:5 |     685 |     920 |  57.3 |      15 |       3 |  16.7
        D:6 |     397 |       0 |   0.0 |      20 |       0 |   0.0
        D:7 |     949 |     215 |  18.5 |      14 |       1 |   6.7
        D:8 |     407 |     464 |  53.3 |      11 |       6 |  35.3
            +---------+---------+-------+---------+---------+-------

Levels and vault maps discovered:
D:1:      matt_arrival_spirals, layout_rooms
D:2:      layout_loops_ring, uniq_jessica
D:3:      layout_basic, nicolae_overflow_hidden_temple, lemuel_round_altar,
          old_standard_altar, nicolae_gozag_seed_capital
D:4:      layout_gridville, first_ration, chequers_serial_rivers_micro_c
D:5:      layout_rooms, serial_shops, nicolae_shop_waterfront, basic_altar,
          okawaru_ov_weapons_minmay, uniq_prince_ribbit1, uniq_ijyb, uniq_pikel,
          uniq_grinder
D:6:      layout_basic, kennysheep_pointless_box
D:7:      layout_basic, nicolae_dithmenos_shadow_blocks,
          minmay_temple_entry_hall, the_bakery
D:8:      layout_cave_pools, dpeg_oklobed_lair, special_room
          [special_room_kobold], serial_column_ruins,
          column_ruins_columns_dead_end, column_ruins_corridor_straight,
          column_ruins_open_tiny, column_ruins_corridor_straight,
          column_ruins_columns_straight, grunt_qazlal_sundering
Temple:   dpeg_five_rooms_temple

Table legend:
 A = Turns spent in this place as a percentage of turns spent in the entire game.
 B = Non-inter-level travel turns spent in this place as a percentage of non-inter-level travel turns spent in the entire game.
 C = Inter-level travel turns spent in this place as a percentage of turns spent in this place.
 D = Turns resting spent in this place as a percentage of non-inter-level travel turns spent in this place.
 E = Turns spent auto-exploring this place as a percentage of non-inter-level travel turns spent in this place.
 F = Non-inter-level travel turns spent in this place divided by the number of levels of this place that you've seen.
                   A       B       C       D       E      F
               +-------+-------+-------+-------+-------+----------------------
         Total | 100.0 | 100.0 |   6.2 |   9.2 |  59.9 | 676.6
       Dungeon |  97.0 |  98.1 |   5.2 |   9.4 |  59.3 | 746.4
        Temple |   3.0 |   1.9 |  39.2 |   0.0 |  90.7 | 118.0
               +-------+-------+-------+-------+-------+----------------------

Table legend:
 A = Kills in this place as a percentage of kills in entire the game.
 B = Kills by you in this place as a percentage of kills by you in the entire game.
 C = Kills by friends in this place as a percentage of kills by friends in the entire game.
 D = Other kills in this place as a percentage of other kills in the entire game.
 E = Experience gained in this place as a percentage of experience gained in the entire game.
 F = Experience gained in this place divided by the number of levels of this place that you have seen.
                   A       B       C       D       E      F
               +-------+-------+-------+-------+-------+----------------------
         Total | 100.0 | 100.0 |   N/A |   N/A | 100.0 | 496.0
       Dungeon | 100.0 | 100.0 |   N/A |   N/A | 100.0 | 558.0
               +-------+-------+-------+-------+-------+----------------------
